 Dungeon Crawl Stone Soup version 0.29-a0-275-g389c0b56f3 (webtiles) character file.

Game seed: 8173543419390176635

119 Ajdolov the Magician (level 5, 0/35 HPs)
             Began as a Djinni Conjurer on Mar 12, 2022.
             Slain by a sky beast (6 damage)
             ... on level 4 of the Dungeon.
             The game lasted 00:03:07 (2909 turns).

Ajdolov the Magician (Djinni Conjurer)              Turns: 2909, Time: 00:03:08

Health: 0/35       AC:  2    Str:  6    XL:     5   Next: 24%
Gold:   132        EV: 12    Int: 22    God:
                   SH:  0    Dex: 11

rFire   + + .      SeeInvis .   m - +1 dagger (venom)
rCold   x . .      Faith    .   (no shield)
rNeg    . . .      Spirit   .   a - +0 robe
rPois   ∞          Reflect  .   (no helmet)
rElec   .          Harm     .   (no cloak)
rCorr   .          Rampage  .   (no gloves)
Will    .....                   (boots unavailable)
Stlth   ++........              (no amulet)
HPRegen 0.11/turn               (no ring)
MPRegen 0.00/turn               (no ring)

@: flying
A: sickness immunity, fire resistance 2, cold vulnerability 1, float, innate
caster, HP casting, extra vitality 1
a: no special abilities


You were on level 4 of the Dungeon.
You visited 1 branch of the dungeon, and saw 4 of its levels.

You collected 132 gold pieces.

Inventory:

Hand Weapons
 m - a +1 dagger of venom (weapon)
Missiles
 i - 2 curare-tipped darts
Armour
 a - a +0 robe (worn)
Jewellery
 l - an amulet of reflection
Scrolls
 b - a scroll of vulnerability {unknown}
 c - a scroll of acquirement {unknown}
 e - 2 scrolls of teleportation {unknown}
 g - 4 scrolls of identify {unknown}
 h - a scroll of amnesia {unknown}
Potions
 d - 2 potions of flight {unknown}
 f - a potion of resistance {unknown}
 j - 2 potions of haste
 k - 2 potions of curing {unknown}
 n - a potion of cancellation {unknown}


   Skills:
 - Level 2.1 Dodging
 - Level 1.5 Stealth
 * Level 4.8 Spellcasting


You couldn't memorise any spells.
You knew the following spells:

 Your Spells              Type           Power      Damage    Failure   Level
a - Magic Dart            Conj           100%       1d8       1%          1
b - Searing Ray           Conj           52%        2d6       1%          2
c - Dazzling Flash        Conj/Hex       52%        N/A       4%          3
d - Fulminant Prism       Conj/Hex       13%        3d9       14%         4
e - Iskenderun's Mystic   Conj/Tloc      26%        2d7       14%         4
f - Sandblast             Erth           52%        2d12      1%          1
g - Corpse Rot            Necr/Air       52%        N/A       1%          2
Your spell library was empty.

Dungeon Overview and Level Annotations

Branches:
Dungeon (4/15)
 Temple: D:4-7

Altars:

Shops:
D:2 :


Innate Abilities, Weirdness & Mutations

You are immune to sickness and miasma.
You are immune to poison.
Your flesh is very heat resistant. (rF++)
You are vulnerable to cold. (rC-)
You float through the air rather than walking.
You learn spells naturally, not from books.
Your magical power is your life essence.
You have superior vitality. (+4 MHP)


Message History

Aiming: Searing Ray (safe; 1% risk of failure)
Press: ? - help, Shift-Dir - straight line, f - sky beast
Aim: a sky beast (71% to hit)
The searing ray misses the sky beast. (Press . to maintain the ray.)
The sky beast hits you but does no damage.
Unknown command.
Casting: Searing Ray (safe; 1% risk of failure)
Confirm with . or Enter, or press ? or * to list all spells.
Restarting spell: Searing Ray (safe; 1% risk of failure)
Press: ? - help, Shift-Dir - straight line, f/p - sky beast
Aim: a sky beast (71% to hit)
Okay, then.
The searing ray hits the sky beast.
The sky beast is lightly wounded.
The sky beast closely misses you.
The searing ray hits the sky beast!
The sky beast is moderately wounded.
The sky beast closely misses you.
The searing ray misses the sky beast.
You finish channelling your searing ray.
The sky beast hits you. The sky beast shocks you.
The sky beast hits you but does no damage.
Casting: Searing Ray (safe; 1% risk of failure)
Confirm with . or Enter, or press ? or * to list all spells.
Aiming: Searing Ray (safe; 1% risk of failure)
Press: ? - help, Shift-Dir - straight line, f/p - sky beast
Aim: a sky beast (moderately wounded, 71% to hit)
The searing ray hits the sky beast.
The sky beast is heavily wounded. (Press . to maintain the ray.)
* * * LOW HITPOINT WARNING * * *
The sky beast barely misses you.
The searing ray hits the sky beast!
The sky beast is almost dead.
* * * LOW HITPOINT WARNING * * *
The sky beast hits you.
* * * LOW HITPOINT WARNING * * *
The sky beast shocks you.
You die...

##########
.........#
########.#
####.Y#.#
#....@..#
####.##.####.#
.............#
######..########
................
################


You could see a sky beast.

Vanquished Creatures
  A scorpion (D:3)
  A hound skeleton (D:3)
  An adder zombie (D:3)
  An adder skeleton (D:3)
  6 ball pythons
  4 endoplasms
  4 giant cockroaches
  5 hobgoblins
  2 quokkas
  A ball python zombie (D:3)
  4 bats
  5 frilled lizards
  4 goblins
  A kobold (D:3)
  4 rats (D:2)
44 creatures vanquished.

Vanquished Creatures (others)
  6 withered plants (D:3)
6 creatures vanquished.

Grand Total: 50 creatures vanquished

Notes
Turn   | Place    | Note
-------+----------+-------------------------------------------
     0 | D:1      | Ajdolov the Djinni Conjurer began the quest for the Orb.
     0 | D:1      | Reached XP level 1. HP: 15/15 MP: 0/0
   265 | D:1      | Reached XP level 2. HP: 12/21 MP: 0/0
   519 | D:1      | Found a faded altar of an unknown god.
  1082 | D:2      | Reached XP level 3. HP: 22/25 MP: 0/0
  1082 | D:2      | Learned a level 1 spell: Sandblast
  1366 | D:2      | Found Tusuippo's Book Boutique.
  1444 | D:2      | Reached skill level 4 in Spellcasting
  2124 | D:3      | Noticed a scorpion
  2128 | D:3      | Killed a scorpion
  2129 | D:3      | Reached XP level 4. HP: 19/31 MP: 0/0
  2129 | D:3      | Reached XP level 5. HP: 21/35 MP: 0/0
  2129 | D:3      | Learned a level 2 spell: Corpse Rot
  2571 | D:4      | Noticed a sky beast
  2579 | D:4      | HP: 1/35 [sky beast (5)]
  2909 | D:4      | Slain by a sky beast

Illustrated notes

Levels and vault maps discovered:
D:1:      ebering_trefoil_3fold, layout_basic,
          shapermc_ecumenical_altar_mp_highgroup
D:2:      layout_rooms, serial_shops, nicolae_shop_statue_plus
D:3:      layout_rooms, serial_undead, serial_undead_a, serial_undead_b,
          serial_undead_f, serial_undead_d, eino_curves_01
D:4:      layout_basic, enter_ossuary_4, serial_shops, shop, uniq_edmund

Skill      XL: |  1  2  3 |
---------------+----------+-----
Spellcasting   | 4 |  4.8
Dodging        | |  2.1
Stealth        | |  1.5

Action                   |  1- 3 |  4- 6 || total
-------------------------+-------+-------++-------
 Cast: Magic Dart        |    74 |    10 ||    84
       Searing Ray       |     2 |     4 ||     6
  Use: Potion            |       |     1 ||     1
Armor: Robe              |       |     4 ||     4
Dodge: Dodged            |     6 |     4 ||    10

Table legend: (Time is in decaauts)
 A = Elapsed time spent in this place.
 B = Non-inter-level travel time spent in this place.
 C = Inter-level travel time spent in this place.
 D = Time resting spent in this place.
 E = Time spent auto-exploring this place.
 F = Levels seen in this place.
 G = Mean time per level.
                   A        B        C        D        E       F      G
               +--------+--------+--------+--------+--------+-----+--------+
         Total |   2894 |   2812 |     82 |    454 |   2119 |   4 |  723.5 |
       Dungeon |   2894 |   2812 |     82 |    454 |   2119 |   4 |  723.5 |
               +--------+--------+--------+--------+--------+-----+--------+

Top non-repeatable levels by time:
     D:3: 1260 daAuts
     D:1: 917 daAuts
     D:2: 683 daAuts
     D:4: 33 daAuts
